 Dungeon Crawl Stone Soup version 0.28-a0-1002-gf00fe891ef (webtiles) character file.

Game seed: 14091831042448700006

28 Umoon the Insei (level 2, -2/23 HPs)
             Began as a Demonspawn Gladiator on Dec 6, 2021.
             Slain by an orc (5 damage)
             ... on level 2 of the Dungeon.
             The game lasted 00:00:55 (1051 turns).

Umoon the Insei (Demonspawn Gladiator)              Turns: 1051, Time: 00:00:56

Health: -2/23      AC:  4    Str: 14    XL:     2   Next: 96%
Magic:  2/2        EV: 12    Int: 11    God:
Gold:   48         SH:  0    Dex: 14    Spells: 1/1 levels left

rFire   . . .      SeeInvis .     - Unarmed
rCold   . . .      Faith    .   (no shield)
rNeg    . . .      Spirit   .   a - +0 leather armour
rPois   .          Reflect  .   b - +0 helmet
rElec   .          Harm     .   (no cloak)
rCorr   .          Rampage  .   (no gloves)
Will    .....                   (no boots)
Stlth   +.........              (no amulet)
HPRegen 0.07/turn               (no ring)
MPRegen 0.08/turn               (no ring)

@: no status effects
A: big brain 1
a: no special abilities


You were on level 2 of the Dungeon.
You visited 1 branch of the dungeon, and saw 2 of its levels.

You collected 48 gold pieces.

Inventory:

Missiles
 c - 3 throwing nets (quivered)
Armour
 a - a +0 leather armour (worn)
 b - a +0 helmet (worn)
Scrolls
 d - a scroll of summoning {unknown}
 f - a scroll of blinking {unknown}
 i - 2 scrolls of amnesia {unknown}
 j - a scroll of brand weapon {unknown}
Potions
 e - 2 potions of ambrosia {unknown}
 g - 2 potions of degeneration {unknown}
 h - a potion of invisibility {unknown}


   Skills:
 + Level 2.4 Fighting
 - Level 1.7 Throwing
 + Level 1.0 Armour
 + Level 3.0 Dodging
 + Level 3.0 Unarmed Combat


You had one spell level left.
You didn't know any spells.
Your spell library was empty.

Dungeon Overview and Level Annotations

Branches:
Dungeon (2/15)

Altars:


Innate Abilities, Weirdness & Mutations

You have an unusually large brain. (Int +2)


Message History

The orc misses you. The orc hits you but does no damage.
You barely miss the orc.
The orc is almost dead.
The orc hits you with a +0 hand axe. The orc hits you but does no damage.
You are too injured to fight recklessly!
You are too injured to fight recklessly!
You are too injured to fight recklessly!
You are too injured to fight recklessly!
You are too injured to fight recklessly!
You are too injured to fight recklessly!
You are too injured to fight recklessly!
You are too injured to fight recklessly!
You are too injured to fight recklessly!
You are too injured to fight recklessly!
You are too injured to fight recklessly!
You are too injured to fight recklessly!
You are too injured to fight recklessly!
You are too injured to fight recklessly!
You are too injured to fight recklessly!
You are too injured to fight recklessly!
You are too injured to fight recklessly!
You are too injured to fight recklessly!
You are too injured to fight recklessly!
You are too injured to fight recklessly!
The orc hits you but does no damage.
You hit the orc but do no damage. The orc hits you but does no damage.
You closely miss the orc. The orc barely misses you.
You hit the orc.
The orc is severely wounded.
The orc hits you with a +0 hand axe.
* * * LOW HITPOINT WARNING * * *
You hit the orc.
You kill the orc!
You hit the orc.
The orc is heavily wounded.
The orc barely misses you.
You hit the orc.
The orc is severely wounded.
The orc hits you with a +0 hand axe.
You die...

#. #..#.##.# # ..
#..#.##.##.#
.####..#.##.##<# #.
#......##.##.### #.
#.#............
#.#...###.....#
.##.#...######..# .
..........####..###....
.####.......@oo........
###.#.#############
#.#†# #.#.# #.#.# #<#.#
#.#.# #g#.# #.#


You could see 2 orcs.

Vanquished Creatures
  A dart slug (D:1)
  An orc (D:2)
  2 giant cockroaches
  A hobgoblin (D:2)
  7 jackals (D:1)
  3 ball pythons (D:1)
  3 bats (D:1)
  4 rats
22 creatures vanquished.

Notes
Turn   | Place    | Note
-------+----------+-------------------------------------------
     0 | D:1      | Umoon the Demonspawn Gladiator began the quest for the Orb.
     0 | D:1      | Reached XP level 1. HP: 16/16 MP: 1/1
   113 | D:1      | Found a faded altar of an unknown god.
   142 | D:1      | Gained mutation: You have an unusually large brain. (Int
                  | +2) [demonic ancestry]
   142 | D:1      | Reached XP level 2. HP: 15/22 MP: 2/2
  1011 | D:2      | Reached skill level 1 in Armour
  1051 | D:2      | Slain by an orc

Illustrated notes

Levels and vault maps discovered:
D:1:      dpeg_arrival_rooms_a, layout_rooms,
          hellmonk_ecumenical_altar_dog_temple
D:2:      layout_loops_ring, minmay_split_cup_large

Skill      XL: |  1  2 |
---------------+-------+-----
Unarmed Combat | 3 |  3.0
Armour         | 1 |  1.0
Dodging        | 3 |  3.0
Fighting       | |  2.4
Throwing       | |  1.7

Action                   || total
-------------------------++-------
Melee: Unarmed           ||    99
Armor: Leather armour    ||    26
Dodge: Dodged            ||    70

Table legend: (Time is in decaauts)
 A = Elapsed time spent in this place.
 B = Non-inter-level travel time spent in this place.
 C = Inter-level travel time spent in this place.
 D = Time resting spent in this place.
 E = Time spent auto-exploring this place.
 F = Levels seen in this place.
 G = Mean time per level.
                   A        B        C        D        E       F      G
               +--------+--------+--------+--------+--------+-----+--------+
         Total |   1046 |   1015 |     31 |    156 |    671 |   2 |  523.0 |
       Dungeon |   1046 |   1015 |     31 |    156 |    671 |   2 |  523.0 |
               +--------+--------+--------+--------+--------+-----+--------+

Top non-repeatable levels by time:
     D:1: 917 daAuts
     D:2: 129 daAuts
